 Dungeon Crawl Stone Soup version 0.28-a0-998-gb9e9c7b67e (webtiles) character file.

Game seed: 11193771272078040554

40 ytrimaz the Insei (level 3, 0/23 HPs)
             Began as an Octopode Transmuter on Dec 6, 2021.
             Slain by a kobold (4 damage)
             ... on level 2 of the Dungeon.
             The game lasted 00:01:49 (1268 turns).

ytrimaz the Insei (Octopode Transmuter)             Turns: 1268, Time: 00:01:49

Health: 0/23       AC:  1    Str:  9    XL:     3   Next: 50%
Magic:  6/6        EV: 13    Int: 17    God:
Gold:   37         SH:  0    Dex: 12    Spells: 5/6 levels left

rFire   . . .      SeeInvis .     - Unarmed
rCold   . . .      Faith    .   (no shield)
rNeg    . . .      Spirit   .   (helmet restricted)
rPois   .          Reflect  .   (no amulet)
rElec   .          Harm     .   (no ring)
rCorr   .          Rampage  .   (no ring)
Will    .....                   (no ring)
Stlth   ++........              (no ring)
HPRegen 0.07/turn               (no ring)
MPRegen 0.10/turn               (no ring)
                                (no ring)
                                (no ring)

@: no status effects
A: almost no armour, amphibious, 8 rings, camouflage 1, gelatinous body 1,
(nimble swimmer 1), tentacles
a: no special abilities


You were on level 2 of the Dungeon.
You visited 1 branch of the dungeon, and saw 2 of its levels.

You collected 37 gold pieces.

Inventory:

Scrolls
 b - a scroll of fog
 c - a scroll of teleportation {unknown}
Potions
 a - a potion of flight {unknown}


   Skills:
 * Level 1.6 Fighting
 * Level 2.6 Dodging
 + Level 3.8 Unarmed Combat
 - Level 2.0 Spellcasting
 - Level 2.0 Transmutations


You had 5 spell levels left.
You knew the following spells:

 Your Spells              Type           Power      Damage    Failure   Level
a - Beastly Appendage     Tmut           16%        N/A       9%          1

Your spell library contained the following spells:

 Spells                   Type           Power      Damage    Failure   Level
 Wereblood                Tmut           8%         N/A       13%         2
 Pain                     Necr           4%         1d4       19%         1
 Spider Form              Tmut/Pois      5%         N/A       36%         3
 Ice Form                 Ice/Tmut       5%         N/A       77%         4
 Agony                    Necr           1%         N/A       99%         5
 Excruciating Wounds      Necr           0%         N/A       99%         5


Dungeon Overview and Level Annotations

Branches:
Dungeon (2/15)

Altars:


Innate Abilities, Weirdness & Mutations

You cannot wear most types of armour.
You are amphibious.
You can wear up to eight rings at the same time.
Your skin changes colour to match your surroundings (Stealth+).
Your rubbery body absorbs attacks. (AC +1, EV +1)
((You are camouflaged near water. (Stealth+)))
You have tentacles for arms and can constrict up to eight enemies at once.


Message History

The kobold shouts!
You grab the bat. You constrict the bat. The bat hits you.
The bat struggles to escape constriction.
The bat escapes!
The bat hits you but does no damage. The bat closely misses you.
A goblin comes into view. It is wielding a +0 club.
You tentacle-slap the bat. Your grab misses the bat.
The bat is moderately wounded.
The bat barely misses you.
The kobold throws a stone.
The stone misses you. The bat hits you but does no damage.
The kobold misses you.
You barely miss the kobold. Your grab misses the kobold. The bat hits you.
The kobold throws a stone.
The stone barely misses you.
You tentacle-slap the kobold but do no damage.
Your grab misses the kobold. The bat hits you. The kobold closely misses you.
The kobold throws a stone.
The stone hits you but does no damage.
You tentacle-slap the bat.
You kill the bat!
The kobold hits you with a +0 whip.
You are too injured to fight recklessly!
You are too injured to fight recklessly!
You are too injured to fight recklessly!
Unknown command.
You tentacle-slap the kobold but do no damage.
Your grab misses the kobold.
The goblin unwields a +0 club.
The goblin wields a +0 hunting sling.
The goblin shoots a stone.
The stone barely misses you.
The stone closely misses the kobold.
The kobold barely misses you. The kobold hits you with a +0 whip.
* * * LOW HITPOINT WARNING * * *
You barely miss the kobold. You grab the kobold. You constrict the kobold.
The kobold barely misses you.
The goblin shoots a stone.
The stone barely misses you.
The stone hits the kobold.
The kobold dies!
Things that are here:
a +0 whip; a stone; a kobold corpse Unknown command.
You tentacle-slap the kobold. Your grab misses the kobold.
The kobold is severely wounded.
The kobold hits you with a +0 whip.
You die...

. .####........
#. ..#.........
#.##...........
#..............
##..............
.........>......
....[...g.......
........K.......
.......@♣♣♣♣♣♣♣♣
..#####†♣♣..P♣
..K####...♣
........♣♣♣
..#####.#♣ #..#
# ##.## .# #..#
.#
##.######.#####


You could see a goblin and a kobold.

Vanquished Creatures
  2 dart slugs (D:1)
  5 ball pythons (D:1)
  An endoplasm (D:1)
  3 giant cockroaches (D:1)
  2 goblins (D:1)
  7 hobgoblins
  2 jackals (D:2)
  2 kobolds (D:1)
  A quokka (D:1)
  2 bats
  2 frilled lizards (D:1)
  3 rats (D:1)
32 creatures vanquished.

Vanquished Creatures (others)
  A kobold (D:2)
1 creature vanquished.

Grand Total: 33 creatures vanquished

Notes
Turn   | Place    | Note
-------+----------+-------------------------------------------
     0 | D:1      | ytrimaz the Octopode Transmuter began the quest for the
                  | Orb.
     0 | D:1      | Reached XP level 1. HP: 13/13 MP: 3/3
   157 | D:1      | Reached XP level 2. HP: 11/18 MP: 3/5
   813 | D:1      | Reached XP level 3. HP: 23/23 MP: 4/6
  1268 | D:2      | Slain by a kobold

Illustrated notes

Levels and vault maps discovered:
D:1:      shiori_arrival_maze, layout_rooms
D:2:      layout_rooms, shapermc_ecumenical_altar_ellora, serial_forest,
          infiniplex_forest_end_2, infiniplex_forest_clump_tiny,
          infiniplex_forest_clump_small, infiniplex_forest_side_room,
          infiniplex_forest_end_1, infiniplex_forest_straight_3,
          infiniplex_forest_zigzag_1

Action                   || total
-------------------------++-------
Melee: Unarmed           ||    75
       Constrict         ||    21
       Tentacles         ||    11
       Kick              ||     7
       Punch             ||     1
 Cast: Beastly Appendage ||     7
  Use: Scroll            ||     1
 Stab: Sleeping          ||     3
Armor: Skin              ||     9
Dodge: Dodged            ||    64

Table legend: (Time is in decaauts)
 A = Elapsed time spent in this place.
 B = Non-inter-level travel time spent in this place.
 C = Inter-level travel time spent in this place.
 D = Time resting spent in this place.
 E = Time spent auto-exploring this place.
 F = Levels seen in this place.
 G = Mean time per level.
                   A        B        C        D        E       F      G
               +--------+--------+--------+--------+--------+-----+--------+
         Total |   1263 |   1263 |      0 |      0 |   1006 |   2 |  631.5 |
       Dungeon |   1263 |   1263 |      0 |      0 |   1006 |   2 |  631.5 |
               +--------+--------+--------+--------+--------+-----+--------+

Top non-repeatable levels by time:
     D:1: 1217 daAuts
     D:2: 46 daAuts
